 Dungeon Crawl Stone Soup version 0.28-a0-197-g74814aa22a (webtiles) character file.

Game seed: 4861305019386379603

7 Arne the Gusty (level 2, 0/15 HPs)
             Began as a Tengu Air Elementalist on Aug 19, 2021.
             Slain by an endoplasm (1 damage)
             ... on level 1 of the Dungeon.
             The game lasted 00:03:44 (415 turns).

Arne the Gusty (Tengu Air Elementalist)              Turns: 415, Time: 00:03:44

Health: 0/15       AC:  2    Str:  8    XL:     2   Next: 0%
Magic:  6/6        EV: 12    Int: 15    God:
Gold:   13         SH:  0    Dex: 14    Spells: 4/5 levels left

rFire   . . .      SeeInvis .   e - +0 hand axe
rCold   . . .      Faith    .   (no shield)
rNeg    . . .      Spirit   .   a - +0 robe
rPois   .          Reflect  .   (helmet restricted)
rElec   .          Harm     .   (no cloak)
rCorr   .          Rampage  .   (no gloves)
Will    .....                   (boots unavailable)
Stlth   ++........              (no amulet)
HPRegen 0.05/turn               (no ring)
MPRegen 0.10/turn               (no ring)

@: no status effects
A: beak, talons 3
a: no special abilities


You were on level 1 of the Dungeon.
You visited 1 branch of the dungeon, and saw 1 of its levels.

You collected 13 gold pieces.

Inventory:

Hand Weapons
 e - a +0 hand axe (weapon)
Armour
 a - a +0 robe (worn)
Scrolls
 b - a scroll of identify {unknown}
 c - a scroll of amnesia {unknown}
 f - a scroll of vulnerability {unknown}
 g - a scroll of teleportation {unknown}
Potions
 d - a potion of haste {unknown}


   Skills:
 * Level 2.4 Dodging
 + Level 2.3 Stealth
 + Level 2.1 Spellcasting
 + Level 1.3 Conjurations
 + Level 4.0 Air Magic


You had 4 spell levels left.
You knew the following spells:

 Your Spells              Type           Power      Damage    Failure   Level
a - Shock                 Conj/Air       36%        1d5       7%          1

Your spell library contained the following spells:

 Spells                   Type           Power      Damage    Failure   Level
 Static Discharge         Conj/Air       9%         N/A       11%         2
 Swiftness                Air            13%        N/A       12%         3
 Airstrike                Air            6%         N/A       38%         4


Dungeon Overview and Level Annotations

Branches:
Dungeon (1/15)

Altars:


Innate Abilities, Weirdness & Mutations

You have a beak for a mouth.
You have claws for feet.


Message History

The rat is severely wounded.
The rat closely misses you. x2
You hit the rat.
You kill the rat!
You see here a rat corpse.
An endoplasm comes into view.
The endoplasm quivers.
You hit the endoplasm.
The endoplasm is severely wounded.
The endoplasm hits you.
You hit the endoplasm.
You kill the endoplasm!
You have reached level 2!
A hobgoblin comes into view.
The hobgoblin shouts!
An endoplasm comes into view.
The endoplasm quivers.
The hobgoblin barely misses you.
You hit the hobgoblin. Your kick misses the hobgoblin.
The hobgoblin is heavily wounded.
The hobgoblin barely misses you. The hobgoblin hits you.
You hit the hobgoblin but do no damage.
You peck the hobgoblin, but do no damage.
The hobgoblin is heavily wounded.
The hobgoblin hits you.
You hit the hobgoblin.
The hobgoblin is severely wounded.
You hit the endoplasm but do no damage. The endoplasm hits you.
The hobgoblin hits you.
* * * LOW HITPOINT WARNING * * *
The endoplasm barely misses you.
You closely miss the hobgoblin.
The hobgoblin is severely wounded.
You hit the endoplasm. The hobgoblin completely misses you.
The endoplasm hits you but does no damage.
The hobgoblin misses you.
You closely miss the hobgoblin. You claw the hobgoblin.
The hobgoblin is almost dead.
You hit the endoplasm. The endoplasm hits you.
You die...

.......# ........#.#
.##.#### ..#####†#.#
###.# .#...#.#.# ###.#
..#.#.#.#.# ....#
###..#.#.#.#.# .####
..J..#.#...#.# .# #
#.##.#.#####.# .#
#####.####.#..#.......#
.#
#.....g@J.....#.#####.#
.#
#.###.####.##.#.#...#.#
.# #.####.##.#.#.#.#.#
## #.........#.#.#.#.#
# ########..#...#.#.##
.. #..#####.#..#
###.###.. .
##.......#..# ........#
.# #.#####.#..#
.##.##..##.#
#.#...#.#..#


You could see an endoplasm and a hobgoblin.

Vanquished Creatures
  A ball python (D:1)
  2 endoplasms (D:1)
  A bat (D:1)
  A frilled lizard (D:1)
  2 rats (D:1)
7 creatures vanquished.

Notes
Turn   | Place    | Note
-------+----------+-------------------------------------------
     0 | D:1      | Arne the Tengu Air Elementalist began the quest for the
                  | Orb.
     0 | D:1      | Reached XP level 1. HP: 10/10 MP: 4/4
   112 | D:1      | Found a faded altar of an unknown god.
   112 | D:1      | Noticed an orange demon
   402 | D:1      | Reached XP level 2. HP: 13/15 MP: 6/6
   415 | D:1      | Slain by an endoplasm

Illustrated notes

Levels and vault maps discovered:
D:1:      wander_arrival_desolate, layout_loops_cross,
          dreamdust_ecumenical_altar_sealed_demon, roderic_lattice_a

Action                   || total
-------------------------++-------
Melee: Unarmed           ||    14
       Hand axe          ||    10
       Kick              ||     6
       Peck              ||     4
 Cast: Shock             ||     4
 Stab: Sleeping          ||     2
Armor: Robe              ||     7
Dodge: Dodged            ||    14

Table legend: (Time is in decaauts)
 A = Elapsed time spent in this place.
 B = Non-inter-level travel time spent in this place.
 C = Inter-level travel time spent in this place.
 D = Time resting spent in this place.
 E = Time spent auto-exploring this place.
 F = Levels seen in this place.
 G = Mean time per level.
                   A        B        C        D        E       F      G
               +--------+--------+--------+--------+--------+-----+--------+
         Total |    417 |    417 |      0 |      0 |     29 |   1 |  417.0 |
       Dungeon |    417 |    417 |      0 |      0 |     29 |   1 |  417.0 |
               +--------+--------+--------+--------+--------+-----+--------+

Top non-repeatable levels by time:
     D:1: 417 daAuts
